 Dungeon Crawl Stone Soup version 0.30-a0-652-gcc886f7154 (webtiles) character file.

Game seed: 276296402014209075

198 Newt the Shooter (level 6, -6/38 HPs)
             Began as a Kobold Hunter on Jan 17, 2023.
             Was an Initiate of Gozag.
             Killed from afar by an orc wizard (9 damage)
             ... with a magic dart
             ... on level 3 of the Dungeon.
             The game lasted 00:02:02 (1322 turns).

Newt the Shooter (Kobold Hunter)                    Turns: 1322, Time: 00:02:03

Health: -6/38      AC:  3    Str:  8    XL:     6   Next: 6%
Magic:  6/6        EV: 14    Int: 11    God:    Gozag
Gold:   279        SH:  0    Dex: 20    Spells: 5/5 levels left

rFire   . . .      SeeInvis .    a - +0 shortbow
rCold   . . .      Faith    .    (shield currently unavailable)
rNeg    . . .      Spirit   .    c - +0 leather armour
rPois   .          Reflect  .    (no helmet)
rElec   .          Harm     .    (no cloak)
rCorr   .          Rampage  .    (no gloves)
Will    .....                    (no boots)
Stlth   +++                      (no amulet)
HPRegen 0.26/turn                (no ring)
MPRegen 0.10/turn                (no ring)

@: no status effects
A: small, no large weapons, nightstalker 3
a: Renounce Religion, Potion Petition, Call Merchant, Bribe Branch


You were on level 3 of the Dungeon.
You worshipped Gozag.
Gozag was aware of your devotion.
You visited 1 branch of the dungeon, and saw 4 of its levels.

You collected 279 gold pieces.

Inventory:

Hand Weapons
 a - a +0 shortbow (weapon)
Armour
 c - a +0 leather armour (worn)
Wands
 f - a wand of roots (7)
Scrolls
 b - a scroll of immolation
 g - a scroll of magic mapping
 k - 2 scrolls of fog
Potions
 d - a potion of resistance
 e - a potion of might
 j - a potion of flight {unknown}
 l - a potion of attraction {unknown}


   Skills:
 - Level 4.0 Fighting
 + Level 7.6 Ranged Weapons
 - Level 2.4 Dodging
 - Level 3.0 Stealth


You had 5 spell levels left.
You didn't know any spells.
Your spell library was empty.

Dungeon Overview and Level Annotations

Branches:
Dungeon (4/15)             Temple (0/1) D:4

Altars:
Gozag


Innate Abilities, Weirdness & Mutations

You are small and have problems with some larger weapons.
You are completely attuned to the shadows.


Message History

The jackal bites you but does no damage.
You are confused.
You feel invigorated. The jackal barely misses you.
You hear some strange, mumbled words.
A puff of flame appears from out of thin air!
The puff of flame hits you!
* * * LOW HITPOINT WARNING * * *
You barely miss the jackal. The jackal misses you.
The jackal closely misses you. Something hits you.
* * * LOW HITPOINT WARNING * * *
You barely miss the jackal. The jackal bites you. Something hits you.
* * * LOW HITPOINT WARNING * * *
The jackal misses you. Something hits you.
* * * LOW HITPOINT WARNING * * *
The jackal bites you.
* * * LOW HITPOINT WARNING * * *
You clumsily bash the jackal but do no damage.
The jackal misses you. Something hits you.
* * * LOW HITPOINT WARNING * * *
The jackal barely misses you.
You bump into the tree.
Something hits you.
* * * LOW HITPOINT WARNING * * *
The jackal bites you but does no damage.
You miss something.
You feel less invigorated.
You feel less confused. The jackal misses you. Something hits you.
The jackal misses you.
You hear some strange, mumbled words.
A magic dart appears from out of thin air!
The magic dart hits you!
* * * LOW HITPOINT WARNING * * *
Okay, then.
Okay, then.
You shoot an arrow. The arrow hits the jackal.
The jackal is almost dead.
The jackal bites you but does no damage.
You hear some strange, mumbled words.
A magic dart appears from out of thin air!
The magic dart hits you!
You die...
Your body crumbles into a pile of gold.

# $ ### #.. #.# #>#
.###.# #.# ....# #.#
.l####..###########.#
.o{{@h..)...........#
♣♣♣♣♣#.##.###########
♣....# ^.##.# ♣♣!....
#.#


You could see an orc, a jackal and a frilled lizard.

Vanquished Creatures
  A scorpion (D:4)
  An orc priest (D:3)
  An orc wizard (D:3)
  3 adders
  2 dart slugs (D:1)
  5 orcs
  5 ball pythons
  2 bats
  8 endoplasms
  A giant cockroach (D:1)
  5 goblins
  2 hobgoblins
  5 jackals
  A quokka (D:1)
  6 kobolds
  3 rats
51 creatures vanquished.

Notes
Turn   | Place    | Note
-------+----------+-------------------------------------------
     0 | D:1      | Newt the Kobold Hunter began the quest for the Orb.
     0 | D:1      | Reached XP level 1. HP: 12/12 MP: 1/1
   113 | D:1      | Found a faded altar of an unknown god.
   133 | D:1      | Prayed at the altar of an unknown god.
   133 | D:1      | Became a worshipper of Gozag Ym Sagoz the Greedy
   193 | D:1      | Reached XP level 2. HP: 17/17 MP: 2/2
   516 | D:1      | Reached XP level 3. HP: 22/22 MP: 3/3
   982 | D:2      | You fall into a shaft and drop 2 floors!
  1120 | D:4      | Reached XP level 4. HP: 29/29 MP: 4/4
  1129 | D:4      | Found a staircase to the Ecumenical Temple.
  1158 | D:4      | Noticed a scorpion
  1162 | D:4      | Killed a scorpion
  1163 | D:4      | Reached skill level 6 in Ranged Weapons
  1163 | D:4      | Reached XP level 5. HP: 33/33 MP: 5/5
  1287 | D:3      | Reached skill level 7 in Ranged Weapons
  1295 | D:3      | HP: 1/33 [something/magic dart (9)]
  1304 | D:3      | Reached XP level 6. HP: 15/38 MP: 6/6
  1322 | D:3      | Killed from afar by an orc wizard

Illustrated notes

Levels and vault maps discovered:
D:1:      lemuel_arrival_cross, layout_loops_cross,
          ebering_ecumenical_altar_hall, dk_noncrumbling_3
D:2:      layout_rooms, basic_altar
D:3:      minmay_general_purpose_star, layout_loops_ring, serial_forest,
          infiniplex_forest_end_double, infiniplex_forest_clump_tiny,
          infiniplex_forest_clump_tiny, infiniplex_forest_end_3,
          infiniplex_forest_lined_room_3, nicolae_concentric_dashed_squares_wild
D:4:      layout_cave_pools, minmay_temple_entry_glass, grunt_ministairs_5

Skill      XL: |  1  2  3  4  5 |
---------------+----------------+-----
Stealth        | 2 3 |  3.0
Fighting       | 3 4 |  4.0
Ranged Weapons | 6 7 |  7.6
Dodging        | |  2.4

Action                   |  1- 3 |  4- 6 || total
-------------------------+-------+-------++-------
Melee: Shortbow          |       |     4 ||     4
 Fire: Shortbow          |    76 |    57 ||   133
  Use: Scroll            |     4 |     2 ||     6
       Potion            |       |     3 ||     3
Armor: Leather armour    |     9 |    11 ||    20
Dodge: Dodged            |    37 |    27 ||    64

Table legend: (Time is in decaauts)
 A = Elapsed time spent in this place.
 B = Non-inter-level travel time spent in this place.
 C = Inter-level travel time spent in this place.
 D = Time resting spent in this place.
 E = Time spent auto-exploring this place.
 F = Levels seen in this place.
 G = Mean time per level.
                   A        B        C        D        E       F      G
               +--------+--------+--------+--------+--------+-----+--------+
         Total |   1355 |   1345 |     10 |      0 |   1069 |   4 |  338.8 |
       Dungeon |   1355 |   1345 |     10 |      0 |   1069 |   4 |  338.8 |
               +--------+--------+--------+--------+--------+-----+--------+

Top non-repeatable levels by time:
     D:1: 853 daAuts
     D:4: 240 daAuts
     D:2: 143 daAuts
     D:3: 116 daAuts
